 Dungeon Crawl Stone Soup version bcrawl-1.21 (webtiles) character file.

Game seed: 2737968463883827630

1803 Mrkan the Cleaver (level 8, 0/71 HPs)
             Began as a Minotaur Fighter on Feb 14, 2020.
             Was an Elder of the Shining One.
             Killed by divine providence
             ... invoked by an orc priest
              (10 damage)
             ... on level 7 of the Dungeon.
             The game lasted 00:07:09 (5267 turns).

Mrkan the Cleaver (Minotaur Fighter)                Turns: 5267, Time: 00:07:09

Health: 0/71       AC: 17    Str: 22    XL:     8   Next: 83%
Magic:  7/7        EV:  6    Int:  5    God:    the Shining One [****..]
Gold:   554        SH: 10    Dex: 11    Spells: 7/7 levels left

rFire    . . .     SeeInvis .   a - +0 war axe
rCold    . . .     Gourm    .   c - +0 shield
rNeg     + + .     Faith    .   o - +0 plate armour
rPois    .         Spirit   .   (helmet restricted)
rElec    .         Reflect  .   u - +0 cloak
rCorr    .         Harm     .   v - +2 pair of gloves
MR       .....                  (no boots)
Stlth    ..........             (no amulet)
HPRegen  0.21/turn              (no ring)
MPRegen  0.10/turn              (no ring)

@: glowing
A: retaliatory headbutt, horns 2
a: Divine Shield, Cleansing Flame, Renounce Religion


You were on level 7 of the Dungeon.
You worshipped the Shining One.
The Shining One was greatly pleased with you.
You were hungry.

You visited 1 branch of the dungeon, and saw 7 of its levels.
You also visited: Ossuary.

You collected 554 gold pieces.

Inventory:

Hand Weapons
 a - a +0 war axe (weapon)
 w - a cursed -3 war axe
Armour
 c - a +0 shield (worn)
 o - a +0 plate armour (worn)
 u - a +0 cloak (worn)
 v - a +2 pair of gloves (worn)
Jewellery
 s - an uncursed ring of protection from cold {unknown}
 t - an uncursed ring of wizardry {unknown}
Wands
 h - a wand of polymorph (10)
 D - a wand of acid (4)
 F - a wand of flame (17)
Scrolls
 f - a scroll of magic mapping {unknown}
 i - 9 scrolls of identify {unknown}
 j - 3 scrolls of remove curse {unknown}
 l - 2 scrolls of immolation {unknown}
 m - a scroll of fog {unknown}
 q - 4 scrolls of amnesia {unknown}
 r - a scroll of teleportation {unknown}
 y - a scroll of summoning {unknown}
 A - a scroll of vulnerability {unknown}
 E - a scroll of noise {unknown}
 G - 2 scrolls of fear {unknown}
Potions
 b - 4 potions of mutation {unknown}
 d - a potion of might
 g - 3 potions of curing {unknown}
 k - 3 potions of brilliance {unknown}
 n - 2 potions of heal wounds {unknown}
 p - a potion of agility {unknown}
 x - a potion of flight {unknown}
 z - 2 potions of magic {unknown}
 B - a potion of degeneration {unknown}
 C - 6 potions of lignification {unknown}
Comestibles
 e - 7 rations {!d}


   Skills:
 + Level 6.8 Fighting
 * Level 8.4 Axes
 + Level 6.7 Armour
 + Level 4.3 Dodging
 + Level 6.7 Shields


You had 7 spell levels left.
You didn't know any spells.
Your spell library was empty.

Dungeon Overview and Level Annotations

Branches:
Dungeon (7/12)             Temple (0/1) D:6
   Lair: D:7-9

Altars:
Elyvilon
The Shining One

Annotations:
D:5 2 transporters, Snowbuddha's ghost, novice TrMo


Innate Abilities, Weirdness & Mutations

You reflexively headbutt those who attack you in melee.
You have a pair of horns on your head.


Message History

The troll barely misses you. The troll completely misses you.
You block the troll's attack.
You hit the troll but do no damage.
The troll is heavily wounded.
The troll bites you. You block the troll's attack.
The troll claws you but does no damage.
You slash the troll! You headbutt the troll.
The troll is almost dead.
The orc priest invokes the aid of Beogh against you.
Beogh smites you!
* * * LOW HITPOINT WARNING * * *
The troll barely misses you. You block the troll's attack. x2
The orc priest invokes the aid of Beogh against you.
Beogh smites you!
* * * LOW HITPOINT WARNING * * *
You slash the troll!
You kill the troll!
The orc priest calls down the wrath of Beogh upon you.
Beogh smites you!
You die...

.# # ...# #.# ...
...# #.# o... ..# #.#
.o. ..# #.# #.#+#+#.#
#.# #.......# #.#
#...))oo########.##
.###.....o.oo@......#
..........#####.##.##
...........# #<##.#
...........########.#
.......#+##.........#
.....!. #.#######.#
#....##.......# #.#
.............# #.#
.............# #.#


You could see 2 orc priests, an orc wizard and 2 orcs.

Vanquished Creatures
  A troll (D:7)
  2 sky beasts
  A phantom (D:4)
  An ice beast (D:6)
  An ogre (D:4)
  A centaur (D:5)
  A big kobold (D:6)
  A wyvern zombie (D:6)
  A water moccasin zombie (Ossuary)
  A bullfrog zombie (D:5)
  5 crimson imps
  2 hounds
  An orc priest (D:5)
  2 centaur skeletons (D:5)
  An iguana (D:4)
  2 bullfrog skeletons
  An orc wizard (D:6)
  3 worker ants
  2 big kobold zombies (Ossuary)
  2 hound zombies
  2 mummies (Ossuary)
  A worker ant zombie (D:5)
  7 adders
  A shadow imp (D:6)
  3 oozes
  An adder skeleton (D:4)
  4 adder zombies (Ossuary)
  6 worms
  4 dart slugs
  5 leopard geckos
  16 orcs
  3 bats (D:1)
  4 giant cockroaches
  A gnoll zombie (Ossuary)
  10 goblins
  10 hobgoblins
  6 jackals
  4 quokkas
  2 frilled lizards
  6 hobgoblin zombies (Ossuary)
  7 kobolds
  3 kobold zombies (Ossuary)
  5 orc zombies (Ossuary)
  8 rats
151 creatures vanquished.

Notes
Turn   | Place    | Note
-------+----------+-------------------------------------------
     0 | D:1      | Mrkan the Minotaur Fighter began the quest for the Orb.
     0 | D:1      | Reached XP level 1. HP: 19/19 MP: 0/0
    59 | D:1      | Reached XP level 2. HP: 25/27 MP: 1/1
    92 | D:1      | Reached skill level 3 in Axes
   443 | D:1      | Reached XP level 3. HP: 32/33 MP: 2/2
  1191 | D:2      | Reached XP level 4. HP: 40/40 MP: 3/3
  1401 | D:2      | Reached skill level 4 in Axes
  1763 | D:2      | Found a glowing golden altar of the Shining One.
  1770 | D:2      | Became a worshipper of the Shining One
  2134 | D:3      | Reached XP level 5. HP: 47/47 MP: 4/4
  2321 | D:3      | Reached skill level 1 in Dodging
  2611 | D:4      | Noticed a sky beast
  2616 | D:4      | Killed a sky beast
  2616 | D:4      | Reached skill level 5 in Axes
  2616 | D:4      | Reached XP level 6. HP: 47/55 MP: 5/5
  2727 | D:4      | Reached skill level 5 in Fighting
  2760 | D:4      | Reached skill level 5 in Shields
  2763 | D:4      | Reached skill level 5 in Armour
  3093 | D:4      | Reached XP level 7. HP: 61/61 MP: 6/6
  3169 | D:4      | Reached * piety under the Shining One
  3363 | D:4      | Reached skill level 6 in Axes
  3914 | D:5      | Entered Level 5 of the Dungeon
  4012 | D:5      | Found a sand-covered staircase.
  4021 | Ossuary  | Entered an ossuary
  4041 | Ossuary  | Reached ** piety under the Shining One
  4109 | Ossuary  | Reached *** piety under the Shining One
  4220 | D:5      | Reached skill level 7 in Axes
  4220 | D:5      | Reached XP level 8. HP: 57/70 MP: 7/7
  4297 | D:5      | Found a white marble altar of Elyvilon.
  4585 | D:5      | Found a transporter.
  4586 | D:5      | Noticed Snowbuddha's ghost (novice TrMo)
  4592 | D:5      | Found a transporter.
  4960 | D:6      | Reached **** piety under the Shining One
  5025 | D:6      | Reached skill level 8 in Axes
  5026 | D:6      | Found a staircase to the Ecumenical Temple.
  5247 | D:7      | Noticed a troll
  5267 | D:7      | Killed a troll
  5267 | D:7      | Killed from afar by an orc priest

Skill      XL: |  1  2  3  4  5  6  7  8 |
---------------+-------------------------+-----
Axes           | 3 4 5 7 8 |  8.4
Shields        | 4 5 6 |  6.7
Fighting       | 4 5 6 |  6.8
Armour         | 4 5 6 |  6.7
Dodging        | 1 2 3 4 |  4.3

Action                   |  1- 3 |  4- 6 |  7- 9 || total
-------------------------+-------+-------+-------++-------
Melee: War axe           |   107 |   110 |   139 ||   356
       Headbutt          |    16 |    17 |    35 ||    68
  Eat: Chunk             |     1 |     5 |     4 ||    10
       Ration            |       |       |     1 ||     1
Armor: Scale mail        |    45 |       |       ||    45
       Plate armour      |     6 |    61 |    77 ||   144
Dodge: Dodged            |    23 |    19 |    31 ||    73
Block: Shield            |    62 |    41 |    91 ||   194
